 Dungeon Crawl Stone Soup version 0.24.0 (webtiles) character file.

Game seed: 12532141774105466530, levelgen mode: deterministic

7479 Kranky the Spear-Bearer (level 11, -7/87 HPs)
             Began as a Gnoll Chaos Knight on Feb 28, 2020.
             Was a Plaything of Xom.
             Mangled by Urug
             ... wielding a +0 double sword of holy wrath
              (20 damage)
             ... on level 10 of the Dungeon.
             The game lasted 00:34:29 (8726 turns).

Kranky the Spear-Bearer (Gnoll Chaos Knight)        Turns: 8726, Time: 00:34:30

Health: -7/87      AC: 17    Str: 19    XL:     11   Next: 15%
Magic:  19/19      EV: 10    Int: 15    God:    Xom [.*....]
Gold:   2178       SH:  6    Dex: 22    Spells: 20/21 levels left

rFire    + + +     SeeInvis .   b - +8 hunting sling "Concordance" {freeze, rPois rC- Dex+7}
rCold    x x .     Gourm    .   m - +0 buckler
rNeg     . . .     Faith    .   C - +0 plate armour
rPois    +         Spirit   .   e - +2 hat
rElec    .         Reflect  .   E - scarf {rC+ rF+}
rCorr    .         Harm     .   (no gloves)
MR       .....                  x - +1 pair of boots
Stlth    ..........             (no amulet)
HPRegen  0.24/turn              v - +6 ring of strength (curse)
MPRegen  0.16/turn              (no ring)

@: lethally poisoned (-7 -> -8), immune to fire clouds
A: distributed training, fangs 1, dopey 1, poison resistance, weak 1, strong
nose
a: Renounce Religion


You were on level 10 of the Dungeon.
You worshipped Xom.
You were a plaything of Xom.
You were hungry.

You visited 1 branch of the dungeon, and saw 11 of its levels.

You collected 2400 gold pieces.
You spent 222 gold pieces at shops.

Inventory:

Hand Weapons
 a - a +1 trident of flaming
 b - the +8 hunting sling "Concordance" (weapon) {freeze, rPois rC- Dex+7}
   (You took it off a crimson imp on level 6 of the Dungeon)

   It causes projectiles fired from it to freeze those they strike, causing
   extra injury to most foes and up to half again as much damage against
   particularly susceptible opponents.
   They can also slow down cold-blooded creatures.
   It affects your dexterity (+7).
   It makes you vulnerable to cold.
   It protects you from poison.
 t - a +4 dagger of venom
 y - a +3 flail of protection
Missiles
 A - 5 silver boomerangs
 D - 133 stones (quivered)
 I - 8 silver javelins
 N - 28 poisoned darts
Armour
 e - a +2 hat (worn)
 m - a +0 buckler (worn)
 u - a +0 ring mail
 x - a +1 pair of boots (worn)
 z - a +1 leather armour of magic resistance
 C - a +0 plate armour (worn)
 E - a scarf of resistance (worn)
 H - a +2 leather armour of poison resistance
Jewellery
 v - a cursed +6 ring of strength (left hand)
 B - an uncursed amulet of faith
Wands
 h - a wand of paralysis (4)
 w - a wand of flame (32)
Scrolls
 d - 8 scrolls of teleportation
 f - 2 scrolls of immolation
 j - a scroll of fear
 k - 2 scrolls of remove curse
 o - 2 scrolls of identify
 p - 5 scrolls of enchant armour
 q - 3 scrolls of magic mapping
 G - 2 scrolls of blinking
Potions
 g - a potion of flight
 i - 5 potions of curing
 l - 2 potions of resistance
 n - 3 potions of heal wounds
 r - 3 potions of agility
 s - 2 potions of mutation
 F - 2 potions of lignification
 J - a potion of might
 L - a potion of brilliance {unknown}
 M - a potion of degeneration {unknown}
Comestibles
 c - 23 rations


   Skills:
 + Level 8.9 Fighting
 + Level 5.9 Short Blades
 + Level 5.9 Long Blades
 + Level 5.9 Axes
 + Level 5.9 Maces & Flails
 + Level 8.9 Polearms
 + Level 5.9 Staves
 + Level 5.9 Slings
 + Level 5.9 Bows
 + Level 5.9 Crossbows
 + Level 5.9 Throwing
 + Level 7.5 Armour
 + Level 6.5 Dodging
 + Level 5.9 Stealth
 + Level 5.9 Shields
 + Level 5.9 Unarmed Combat
 + Level 5.9 Spellcasting
 + Level 4.9 Conjurations
 + Level 4.9 Hexes
 + Level 4.9 Charms
 + Level 4.9 Summonings
 + Level 4.9 Necromancy
 + Level 4.9 Translocations
 + Level 4.9 Transmutations
 + Level 4.9 Fire Magic
 + Level 4.9 Ice Magic
 + Level 4.9 Air Magic
 + Level 4.9 Earth Magic
 + Level 4.9 Poison Magic
 + Level 6.5 Invocations
 + Level 5.9 Evocations


You had 20 spell levels left.
You knew the following spells:

 Your Spells              Type           Power        Failure   Level  Hunger
a - Apportation           Tloc           ###...       43%         1    None

Your spell library contained the following spells:

 Spells                   Type           Power        Failure   Level  Hunger
 Animate Skeleton         Necr           N/A          43%         1    None
 Confusing Touch          Hex            ###...       43%         1    None
 Corona                   Hex            ###....      43%         1    None
 Summon Small Mammal      Summ           ###.         43%         1    None
 Slow                     Hex            ###.....     58%         2    #......
 Inner Flame              Hex/Fire       ####....     82%         3    ###....
 Portal Projectile        Hex/Tloc       ###...       82%         3    ###....
 Cause Fear               Hex            ###.......   99%         4    ####...
 Leda's Liquefaction      Hex/Erth       ###.......   99%         4    ####...


Dungeon Overview and Level Annotations

Branches:
Dungeon (11/15)            Temple (0/1) D:4             Orc (0/2) D:10
   Lair: D:8-11

Altars:
Elyvilon
Fedhas
Makhleb
Okawaru
Ru
Sif Muna
Trog
Xom
Zin
The Shining One

Shops:
D:6 =   D:9 ?

Annotations:
D:10 Urug


Innate Abilities, Weirdness & Mutations

Your experience applies equally to all skills.
You have very sharp teeth.
Your uncanny sense of smell can sniff out nearby items.
You are dopey. (Int -2)
Your system is resistant to poisons. (rPois)
You are weak. (Str -2)


Message History

Urug is engulfed in blazing flames.
Firing (i - inventory. (/) - cycle)
D - 135 stones (quivered)
Press: ? - help, Shift-Dir - straight line, f/p - steam dragon
Aim: a steam dragon (heavily wounded)
You shoot a stone. The stone barely misses Urug.
The stone misses the killer bee.
The stone hits the steam dragon!
The stone freezes the steam dragon.
The steam dragon is almost dead.
Urug is engulfed in blazing flames.
Urug hits you with a +0 double sword of holy wrath!
* * * LOW HITPOINT WARNING * * *
Firing (i - inventory. (/) - cycle)
D - 134 stones (quivered)
Press: ? - help, Shift-Dir - straight line, f/p - steam dragon
Aim: a steam dragon (almost dead)
You shoot a stone. The stone barely misses Urug.
The stone barely misses the steam dragon.
You feel sick.
Urug is engulfed in blazing flames.
Urug hits you with a +0 double sword of holy wrath!!
You die...
Xom titters!

8..(...((#### ##...........)..#
8(..((((....####.....####.##>.##
...8..(#(......#.....##...#....#
.......#..(...#...### #........#
.......#§..°°##### ######.####
..[...y.#§D°y## #####.# ##..# #
......y.#.(.°○###.#.#.# #...###
...........###o☼#.##..####.##.##
§..........# ##@°.......##..#.##
.......### #☼###.#.##...###.##
≈...... #..#.##..#.##.....#
...$. ##.#.#....#.##...## ....
####..##†.......##
#.#.†.###...#### ##.###..#..#..#
# #.........>...##
##..#.##...####


You could see Urug, a steam dragon and a killer bee.

Vanquished Creatures
  2 two-headed ogres (D:8)
  Maurice (D:8)
  A centaur zombie (D:11)
  A centaur skeleton (D:10)
  A wyvern (D:10)
  3 yaks (D:9)
  3 hungry ghosts (D:10)
  Edmund (D:5)
  A water moccasin (D:6)
  Duvessa (D:6)
  5 orc warriors
  A black bear (D:6)
  5 ogres
  2 necrophages
  2 phantoms (D:6)
  3 centaurs
  A big kobold (D:11)
  3 bullfrogs
  Dowan (D:6)
  A wyvern skeleton (D:9)
  5 killer bees (D:10)
  A scorpion (D:7)
  5 wights
  A troll zombie (D:10)
  4 howler monkeys
  5 crimson imps
  4 bullfrog zombies
  2 jellies
  6 hounds
  3 orc priests
  2 bullfrog skeletons
  2 iguanas (D:4)
  6 orc wizards
  8 worker ants
  4 ogre zombies (D:10)
  2 hound zombies
  2 mummies (D:10)
  2 worker ant zombies (D:10)
  5 gnolls
  6 adders
  4 shadow imps
  An ooze (D:1)
  An adder zombie (D:9)
  2 adder skeletons (D:6)
  3 worms
  3 leopard geckos
  17 orcs
  A ball python (D:2)
  4 giant cockroaches
  14 goblins
  10 hobgoblins
  5 jackals
  5 quokkas
  A ball python skeleton (D:5)
  8 bats
  4 frilled lizards
  A goblin skeleton (D:10)
  4 goblin zombies (D:10)
  7 kobolds
  A leopard gecko zombie (D:5)
  3 orc skeletons (D:10)
  8 orc zombies (D:10)
  6 rats
227 creatures vanquished.

Vanquished Creatures (others)
  A plant (D:5)
1 creature vanquished.

Grand Total: 228 creatures vanquished

Notes
Turn   | Place    | Note
-------+----------+-------------------------------------------
     0 | D:1      | Kranky the Gnoll Chaos Knight began the quest for the Orb.
     0 | D:1      | Reached XP level 1. HP: 23/23 MP: 1/1
    31 | D:1      | XOM: harmless Hex miscast
    50 | D:1      | Reached XP level 2. HP: 29/29 MP: 2/2
   146 | D:1      | You fall into a shaft and drop 1 floor!
   493 | D:1      | XOM: harmless Tmut miscast
   589 | D:2      | Reached XP level 3. HP: 31/35 MP: 3/3
   691 | D:2      | XOM: silly message
   843 | D:2      | Reached skill level 1 in Invocations
   846 | D:2      | Reached skill level 1 in Short Blades
   846 | D:2      | Reached skill level 1 in Long Blades
   846 | D:2      | Reached skill level 1 in Axes
   846 | D:2      | Reached skill level 1 in Maces & Flails
   846 | D:2      | Reached skill level 1 in Staves
   846 | D:2      | Reached skill level 1 in Slings
   846 | D:2      | Reached skill level 1 in Bows
   846 | D:2      | Reached skill level 1 in Crossbows
   846 | D:2      | Reached skill level 1 in Throwing
   846 | D:2      | Reached skill level 1 in Stealth
   846 | D:2      | Reached skill level 1 in Shields
   846 | D:2      | Reached skill level 1 in Unarmed Combat
   846 | D:2      | Reached skill level 1 in Spellcasting
   846 | D:2      | Reached skill level 1 in Evocations
   846 | D:2      | Reached XP level 4. HP: 37/41 MP: 5/5
   887 | D:2      | XOM: silly message
  1134 | D:2      | XOM: harmless Chrm miscast
  1320 | D:2      | Found a glowing golden altar of the Shining One.
  1481 | D:3      | XOM: silly message
  1541 | D:3      | XOM: noise
  1595 | D:3      | Reached skill level 1 in Conjurations
  1595 | D:3      | Reached skill level 1 in Hexes
  1595 | D:3      | Reached skill level 1 in Charms
  1595 | D:3      | Reached skill level 1 in Summonings
  1595 | D:3      | Reached skill level 1 in Necromancy
  1595 | D:3      | Reached skill level 1 in Translocations
  1595 | D:3      | Reached skill level 1 in Transmutations
  1595 | D:3      | Reached skill level 1 in Fire Magic
  1595 | D:3      | Reached skill level 1 in Ice Magic
  1595 | D:3      | Reached skill level 1 in Air Magic
  1595 | D:3      | Reached skill level 1 in Earth Magic
  1595 | D:3      | Reached skill level 1 in Poison Magic
  1678 | D:3      | XOM: summons 1 hostile shadow creature
  2090 | D:4      | Reached XP level 5. HP: 34/47 MP: 5/7
  2273 | D:4      | Noticed Robin
  2279 | D:4      | XOM: swap monsters
  2343 | D:3      | XOM: harmless Air miscast
  2565 | D:4      | XOM: harmless Conj miscast
  2585 | D:4      | XOM: medium Fire miscast
  2726 | D:4      | Reached XP level 6. HP: 53/53 MP: 8/8
  2739 | D:4      | Noticed Robin
  2739 | D:4      | Robin changed into Robin the goblin
  2740 | D:4      | Killed Robin the goblin
  3021 | D:4      | Found a staircase to the Ecumenical Temple.
  3124 | D:5      | Entered Level 5 of the Dungeon
  3124 | D:5      | Noticed an orc warrior
  3126 | D:5      | XOM: harmless Summ miscast
  3186 | D:5      | XOM: noise
  3223 | D:4      | XOM: divination: magic mapping
  3223 | D:4      | XOM: smoke on damage
  3250 | D:4      | Killed an orc warrior
  3250 | D:4      | Reached skill level 5 in Armour
  3510 | D:5      | Reached XP level 7. HP: 59/59 MP: 10/10
  3721 | D:5      | Found a sacrificial altar of Ru.
  3747 | D:5      | Found a blossoming altar of Fedhas.
  3752 | D:5      | Found a white marble altar of Elyvilon.
  4070 | D:5      | Noticed Edmund
  4072 | D:5      | XOM: noise
  4115 | D:5      | Killed Edmund
  4305 | D:6      | Reached XP level 8. HP: 67/67 MP: 12/12
  4442 | D:6      | Found a bloodstained altar of Trog.
  4536 | D:6      | Found Vuemusen's Jewellery Shop.
  4604 | D:6      | XOM: cloud trail
  4809 | D:6      | Identified the +8 hunting sling "Concordance" {freeze,
                  | rPois rC- Dex+7}
  4835 | D:6      | XOM: noise
  4882 | D:6      | XOM: swap monsters
  5094 | D:6      | XOM: god gift: 1770 gold pieces
  5097 | D:6      | Reached XP level 9. HP: 62/72 MP: 14/14
  5346 | D:6      | Noticed Duvessa
  5351 | D:6      | Noticed Dowan
  5369 | D:6      | Killed Duvessa
  5375 | D:6      | XOM: enchant monster (good)
  5380 | D:6      | Killed Dowan
  5562 | D:6      | XOM: cloud trail
  5656 | D:7      | XOM: divine lightning
  5680 | D:7      | Found a burning altar of Makhleb.
  5680 | D:7      | XOM: cloud trail
  5730 | D:7      | XOM: god gift: runed scarf {god gift}
  5838 | D:7      | Reached skill level 5 in Dodging
  5885 | D:7      | XOM: 2-stop teleportation journey
  5924 | D:7      | XOM: scenery: create altars
  5931 | D:7      | XOM: blink monster(s)
  6025 | D:7      | XOM: 1-stop teleportation journey
  6109 | D:7      | XOM: mild Hex miscast
  6437 | D:7      | You fall into a shaft and drop 1 floor!
  6728 | D:8      | Reached skill level 5 in Invocations
  6858 | D:8      | XOM: 1-stop teleportation journey
  6875 | D:8      | Noticed Maurice
  6884 | D:8      | XOM: noise
  6886 | D:8      | Killed Maurice
  6892 | D:8      | Reached XP level 10. HP: 80/80 MP: 15/17
  6899 | D:8      | XOM: chaos cloud
  6928 | D:8      | Learned a level 1 spell: Apportation
  6932 | D:8      | XOM: give mutations
  6932 | D:8      | Gained mutation: Your system is resistant to poisons.
                  | (rPois) [Xom's mischief]
  6932 | D:8      | Gained mutation: You are dopey. (Int -2) [Xom's mischief]
  6932 | D:8      | Gained mutation: You are weak. (Str -2) [Xom's mischief]
  7025 | D:8      | XOM is BORED!
  7025 | D:8      | XOM: harmless Tmut miscast
  7067 | D:8      | Found a shimmering blue altar of Sif Muna.
  7069 | D:8      | Found a burning altar of Makhleb.
  7069 | D:8      | Found a shimmering altar of Xom.
  7071 | D:8      | Found a white marble altar of Elyvilon.
  7071 | D:8      | Found a glowing silver altar of Zin.
  7071 | D:8      | Found an iron altar of Okawaru.
  7095 | D:8      | XOM: harmless Air miscast
  7302 | D:8      | Noticed a two-headed ogre
  7311 | D:8      | Killed a two-headed ogre
  7311 | D:8      | Reached skill level 5 in Short Blades
  7311 | D:8      | Reached skill level 5 in Long Blades
  7311 | D:8      | Reached skill level 5 in Axes
  7311 | D:8      | Reached skill level 5 in Maces & Flails
  7311 | D:8      | Reached skill level 5 in Staves
  7311 | D:8      | Reached skill level 5 in Slings
  7311 | D:8      | Reached skill level 5 in Bows
  7311 | D:8      | Reached skill level 5 in Crossbows
  7311 | D:8      | Reached skill level 5 in Throwing
  7311 | D:8      | Reached skill level 5 in Stealth
  7311 | D:8      | Reached skill level 5 in Shields
  7311 | D:8      | Reached skill level 5 in Unarmed Combat
  7311 | D:8      | Reached skill level 5 in Spellcasting
  7311 | D:8      | Reached skill level 5 in Evocations
  7387 | D:8      | XOM: harmless Fire miscast
  7631 | D:8      | Noticed a two-headed ogre
  7638 | D:8      | Killed a two-headed ogre
  7675 | D:8      | XOM: harmless Summ miscast
  7835 | D:9      | Found Kahasini's Magic Scroll Emporium.
  7846 | D:9      | Bought a scroll of magic mapping for 42 gold pieces
  7846 | D:9      | Bought a scroll of blinking for 90 gold pieces
  7846 | D:9      | Bought a scroll of blinking for 90 gold pieces
  8160 | D:9      | You fall into a shaft and drop 2 floors!
  8204 | D:11     | XOM: harmless Air miscast
  8264 | D:11     | XOM: noise
  8308 | D:10     | XOM: stealth player
  8308 | D:10     | Entered Level 10 of the Dungeon
  8338 | D:10     | XOM: divination: detect items
  8351 | D:10     | XOM: cloud trail
  8395 | D:10     | XOM: scenery: create altars
  8508 | D:10     | Reached XP level 11. HP: 86/86 MP: 19/19
  8509 | D:10     | Found a staircase to the Orcish Mines.
  8646 | D:10     | XOM: fake destruction
  8705 | D:10     | Noticed Urug
  8707 | D:10     | XOM: cast spell 'Ring of Flames'
  8712 | D:10     | XOM: blink monster(s)
  8720 | D:10     | XOM: enchant monster (bad)
  8726 | D:10     | Mangled by Urug

Levels and vault maps discovered:
D:1:      giann_horns, layout_rooms, roderic_serpentine_path
D:2:      layout_loops_corners, lemuel_round_altar, first_ration,
          kennysheep_generic_room_14
D:3:      layout_basic
D:4:      layout_cave_pods, minmay_temple_entry_from_below_b, uniq_robin
D:5:      layout_rooms, elyvilon_altar_5, overflow_temple_1_default,
          basic_altar, serial_bayou_lake_a, uniq_edmund
D:6:      kennysheep_windowed_halls, layout_basic, bloody_trog, serial_shops,
          nicolae_shop_trees, uniq_duvessa
D:7:      layout_basic, lemuel_crystal_altar
D:8:      layout_basic, doesnt_xom_only_xom, uniq_maurice
D:9:      layout_loops_ring, gammafunk_temple_overflow_forgotten, serial_shops,
          shop
D:10:     dragon1_lemuel, layout_cave_pools, zombieorc1_lemuel, serial_undead,
          serial_undead_c, serial_undead_c, serial_undead_a, serial_undead_e,
          serial_undead_e, serial_undead_a, the_bakery, disabler_island,
          uniq_urug
D:11:     layout_irregular_city, lair_entry_dummy, kennysheep_generic_room_7,
          uniq_sonja
